 Dungeon Crawl Stone Soup version 0.31-a0-516-gfcb59812bd (webtiles) character file.

Game seed: 16655233062069183646

597 Ethylacetat the Sneak (level 7, -11/48 HPs)
             Began as an Octopode Gladiator on Aug 10, 2023.
             Killed by divine providence
             ... invoked by an orc priest
              (13 damage)
             ... on level 4 of the Dungeon.
             The game lasted 00:08:00 (3052 turns).

Ethylacetat the Sneak (Octopode Gladiator)          Turns: 3052, Time: 00:08:01

Health: -11/48     AC:  1    Str: 11 (14) XL:     7   Next: 40%
Magic:  7/7        EV: 15    Int:  7 (10) God:
Gold:   337        SH:  0    Dex: 14 (15) Spells: 6/6 levels left

rFire   . . .        a - +0 long sword
rCold   . . .        (no shield)
rNeg    . . .        b - +0 hat
rPois   .            (no amulet)
rElec   .            (no ring)
rCorr   .            (no ring)
SInv    .            (no ring)
Will    .....        (no ring)
Stlth   ++++         (no ring)
HPRegen 0.28/turn    (no ring)
MPRegen 0.10/turn    (no ring)
                     (no ring)

%: no passive effects
@: no status effects
A: almost no armour, amphibious, 8 rings, camouflage 1, gelatinous body 1,
(nimble swimmer 1), tentacles, fangs 1, sense surroundings 1
a: no special abilities


You were on level 4 of the Dungeon.
You visited 1 branch of the dungeon, and saw 4 of its levels.

You collected 337 gold pieces.

Inventory:

Hand Weapons
 a - a +0 long sword (weapon)
Missiles
 c - 3 throwing nets (quivered)
 d - a javelin
Armour
 b - a +0 hat (worn)
Jewellery
 p - a ring of magical power
Wands
 r - a wand of acid (4)
Scrolls
 e - a scroll of revelation {unknown}
 f - a scroll of vulnerability {unknown}
 g - a scroll of enchant armour {unknown}
 h - a scroll of amnesia {unknown}
 i - a scroll of immolation {unknown}
 j - a scroll of summoning {unknown}
 k - a scroll of enchant weapon {unknown}
 m - a scroll of teleportation {unknown}
 n - a scroll of blinking {unknown}
 o - 6 scrolls of identify {unknown}
Potions
 q - a potion of might


   Skills:
 + Level 4.3 Fighting
 + Level 4.8 Long Blades
 - Level 2.0 Throwing
 + Level 4.8 Dodging
 + Level 5.3 Stealth


You had 6 spell levels left.
You didn't know any spells.
Your spell library was empty.

Dungeon Overview and Level Annotations

Branches:
Dungeon (4/15)
 Temple: D:4-7

Altars:
Cheibriados
Fedhas

Shops:
D:3 ?*((


Innate Abilities, Weirdness & Mutations

You cannot wear most types of armour.
You are amphibious.
You can wear up to eight rings at the same time.
Your skin changes colour to match your surroundings (Stealth+).
Your rubbery body absorbs attacks. (AC +1, EV +1)
((You are camouflaged when in or above water. (Stealth+)))
You have tentacles for arms and can constrict up to eight enemies at once.
You have very sharp teeth.
You passively map a small area around you.


Message History

You kill the orc!
You hit the orc.
You kill the orc!
The orc closely misses you.
The orc priest hits you with a +0 war axe!
Items here: )) [ ††.
You closely miss the orc priest. Your grab misses the orc priest.
You bite the orc priest.
The orc priest is lightly wounded.
The orc misses you.
The orc priest calls down the wrath of Beogh upon you.
Pain shoots through your body! The orc priest closely misses you.
The orc hits you with a +0 club.
You hit the orc priest but do no damage.
Your grab misses the orc priest. You bite the orc priest.
The orc priest is lightly wounded.
The orc priest mumbles some strange prayers to Beogh against you.
Beogh smites you!
* * * LOW HITPOINT WARNING * * *
The orc closely misses you.
It was a potion of degeneration.
There was something very wrong with that liquid.
You feel weakened.
You feel dopey.
You feel clumsy. The orc hits you but does no damage.
The orc priest begins to cast a cantrip, but forgets the words!
You hit the orc priest but do no damage.
Your grab misses the orc priest.
You bite the orc priest, but do no damage.
Your squeeze misses the orc priest.
The orc priest is lightly wounded.
The orc priest hits you with a +0 war axe.
* * * LOW HITPOINT WARNING * * *
The orc misses you.
Unknown command.
You hit the orc priest. You grab the orc priest. You squeeze the orc priest.
The orc priest is heavily wounded.
You constrict the orc priest, but do no damage.
The orc priest calls down the wrath of Beogh upon you.
Beogh smites you!
You die...

...#......#.# *
........###.## ,
...#.#.......# ,
.# #.#..########*
, , ,
*.###.#..##......
...........# * *
* .###....#..#
#....#..# ** * *
, #....#@)# , ,
......#oo#, ,
#.##...#..#, ,
,#. +...#..# **
#* #...#..#* ,, *
**#... * * ##..
*### , ,


You could see an orc priest and an orc.

Vanquished Creatures
  A troll (D:1)
  Sigmund (D:3)
  A hound (D:3)
  Natasha (thrice) (D:2)
  An adder (D:2)
  3 dart slugs
  2 worms (D:3)
  6 orcs
  11 bats
  10 endoplasms
  5 giant cockroaches
  13 hobgoblins
  3 jackals (D:3)
  7 quokkas
  9 ball pythons
  3 frilled lizards (D:1)
  7 goblins
  7 kobolds
  3 rats
96 creatures vanquished.

Notes
Turn   | Place    | Note
-------+----------+-------------------------------------------
     0 | D:1      | Ethylacetat the Octopode Gladiator began the quest for the
                  | Orb.
     0 | D:1      | Reached XP level 1. HP: 14/14 MP: 1/1
    74 | D:1      | Found a large runed translucent door.
    74 | D:1      | Found a large runed translucent door.
    85 | D:1      | Noticed a troll
   128 | D:1      | Reached XP level 2. HP: 19/19 MP: 2/2
   147 | D:1      | Reached skill level 1 in Stealth
   231 | D:1      | Reached XP level 3. HP: 24/25 MP: 3/3
   789 | D:1      | Gained mutation: You have very sharp teeth. [potion of
                  | mutation]
   789 | D:1      | Gained mutation: You passively map a small area around you.
                  | [potion of mutation]
   795 | D:1      | Reached skill level 2 in Stealth
   800 | D:1      | Killed a troll
   801 | D:1      | Reached skill level 4 in Stealth
   801 | D:1      | Reached XP level 4. HP: 26/31 MP: 4/4
   801 | D:1      | Reached XP level 5. HP: 30/36 MP: 5/5
   801 | D:1      | Reached XP level 6. HP: 36/42 MP: 6/6
   821 | D:1      | HP: 1/42 [quokka (2)]
  1265 | D:2      | Noticed Natasha
  1274 | D:2      | Killed Natasha
  1350 | D:2      | Noticed Natasha
  1357 | D:2      | Killed Natasha
  1754 | D:2      | Noticed Natasha
  1766 | D:2      | Killed Natasha
  2085 | D:3      | Found Ugaink's Antique Weapon Emporium.
  2097 | D:3      | Noticed Sigmund
  2101 | D:3      | Found Lyatse Gont's General Store.
  2125 | D:3      | Killed Sigmund
  2126 | D:3      | Reached skill level 5 in Stealth
  2126 | D:3      | Reached XP level 7. HP: 8/48 MP: 7/7
  2355 | D:3      | Found Omupn's Magic Scroll Shoppe.
  2546 | D:3      | Found Ithujet's Antique Weapon Emporium.
  2701 | D:3      | Found a blossoming altar of Fedhas.
  2981 | D:3      | Found a snail-covered altar of Cheibriados.
  3051 | D:4      | HP: 2/48 [orc priest/+0 war axe (6)]
  3052 | D:4      | Killed from afar by an orc priest

Illustrated notes

Levels and vault maps discovered:
D:1:      erik_arrival_cave_to_civilisation [erik_arrival_cave_to_temple],
          layout_basic, eino_curves_02
D:2:      minmay_evil_eye, layout_rooms, serial_co_window_serial,
          co_window_paths_a, co_window_corner_a, co_window_corner_a,
          co_window_corner_a, co_window_of_opportunity_a, co_window_corner_a,
          co_window_of_opportunity_a, co_window_corner_cb, co_window_corner_cb,
          co_window_broadway_c, co_window_unsneaky_path_c, glass_columns_b,
          uniq_natasha
D:3:      layout_loops_ring, marbit_many_paths, nicolae_overflow_crystal_walls,
          serial_shops, shop, nicolae_square_shop, shop, shop, uniq_sigmund
D:4:      layout_basic, overflow_temple_1_default, tgw_sif,
          nicolae_nh_oracle_at_delphi, uniq_robin

Skill      XL: |  1  2  3  4  5  6 |
---------------+-------------------+-----
Stealth        | 1 4 5 |  5.3
Fighting       | 3 4 |  4.3
Long Blades    | 4 |  4.8
Dodging        | 4 |  4.8
Throwing       | |  2.0

Action                     |  1- 3 |  4- 6 |  7- 9 || total
---------------------------+-------+-------+-------++-------
  Melee: Long sword        |    69 |    78 |    44 ||   191
         Tentacles         |     8 |    13 |     9 ||    30
         Constrict         |    13 |    18 |    14 ||    45
         Bite              |       |     8 |     8 ||    16
  Throw: Throwing net      |     1 |     3 |       ||     4
    Use: Potion            |     2 |     3 |     1 ||     6
   Stab: Sleeping          |     4 |     7 |     5 ||    16
         Held in net/web   |     2 |       |       ||     2
 Armour: Skin              |    12 |    13 |     2 ||    27
  Dodge: Dodged            |    73 |    50 |    31 ||   154

Table legend: (Time is in decaauts)
 A = Elapsed time spent in this place.
 B = Non-inter-level travel time spent in this place.
 C = Inter-level travel time spent in this place.
 D = Time resting spent in this place.
 E = Time spent auto-exploring this place.
 F = Levels seen in this place.
 G = Mean time per level.
                   A        B        C        D        E       F      G
               +--------+--------+--------+--------+--------+-----+--------+
         Total |   3071 |   2980 |     91 |    231 |   2154 |   4 |  767.8 |
       Dungeon |   3071 |   2980 |     91 |    231 |   2154 |   4 |  767.8 |
               +--------+--------+--------+--------+--------+-----+--------+

Top non-repeatable levels by time:
     D:2: 1030 daAuts
     D:1: 1028 daAuts
     D:3: 969 daAuts
     D:4: 43 daAuts
